 Dungeon Crawl Stone Soup version 0.28-a0-1080-g05a166d0ed (webtiles) character file.

Game seed: 14010879269755235840

82 ragingrage the Sneak (level 4, 0/26 HPs)
             Began as a Kobold Brigand on Dec 9, 2021.
             Slain by an orc (4 damage)
             ... on level 2 of the Dungeon.
             The game lasted 00:02:07 (1350 turns).

ragingrage the Sneak (Kobold Brigand)               Turns: 1350, Time: 00:02:07

Health: 0/26       AC:  3    Str: 10    XL:     4   Next: 70%
Magic:  4/4        EV: 14    Int: 12    God:
Gold:   9          SH:  0    Dex: 16    Spells: 3/3 levels left

rFire   . . .      SeeInvis .   g - +2 dagger (venom)
rCold   . . .      Faith    .   (shield restricted)
rNeg    . . .      Spirit   .   b - +0 robe
rPois   .          Reflect  .   (no helmet)
rElec   .          Harm     .   c - +0 cloak
rCorr   .          Rampage  .   (no gloves)
Will    .....                   (no boots)
Stlth   ++++......              (no amulet)
HPRegen 0.08/turn               (no ring)
MPRegen 0.09/turn               (no ring)

@: no status effects
A: small, no large weapons, nightstalker 3
a: no special abilities


You were on level 2 of the Dungeon.
You visited 1 branch of the dungeon, and saw 3 of its levels.

You collected 9 gold pieces.

Inventory:

Hand Weapons
 g - a +2 dagger of venom (weapon)
Missiles
 d - 8 poisoned darts
 f - 2 curare-tipped darts (quivered)
Armour
 b - a +0 robe (worn)
 c - a +0 cloak (worn)
Potions
 a - a potion of degeneration {unknown}
 e - a potion of ambrosia {unknown}


   Skills:
 - Level 2.1 Fighting
 + Level 4.4 Short Blades
 + Level 3.6 Throwing
 - Level 1.2 Dodging
 + Level 5.8 Stealth


You had 3 spell levels left.
You didn't know any spells.
Your spell library was empty.

Dungeon Overview and Level Annotations

Branches:
Dungeon (3/15)

Altars:

Shops:
D:1 (


Innate Abilities, Weirdness & Mutations

You are small and have problems with some larger weapons.
You are completely attuned to the shadows.


Message History

a +0 whip; 3 stones A frilled lizard comes into view.
The helpless frilled lizard fails to defend itself.
You spit the frilled lizard like a pig!!!
You kill the frilled lizard!
An adder comes into view.
You see here a frilled lizard corpse.
The adder hisses angrily.
The adder closely misses you.
You hit the adder.
The adder is poisoned.
The adder is heavily wounded.
The adder bites you but does no damage.
You hit the adder.
The adder is severely wounded.
The adder barely misses you.
An orc comes into view. It is wielding a +0 whip.
The orc shouts!
You hit the adder.
The adder looks as sick as possible!
The adder is almost dead.
You hear a shout!
The adder bites you.
You are poisoned.
The adder poisons you!
Found a stone staircase leading up.
You feel sick.
You feel sick.
You kill the adder!
You feel sick.
There is a stone staircase leading up here.
You barely miss the orc.
An orc comes into view.
It is wielding a +0 dagger and quivering poisoned darts.
You barely miss the orc.
You feel sick. The orc hits you with a +0 whip.
* * * LOW HITPOINT WARNING * * *
You feel sick.
You are no longer poisoned.
You climb upwards.
There is a stone staircase leading down here.
Things that are here:
a +0 club; a goblin corpse You completely miss the orc.
The orc hits you with a +0 whip.
You die...

.............##
#..............
#...........##.
#...........###
#..........##..
#..........#..l ####
#..............
....####.............#
#.o@.†............##
#######.............
#..........###
#.......##..#
#.......###.##
#.............
####...#####.. #####
###


You could see an orc.

Vanquished Creatures
  Robin (D:2)
  An adder (D:3)
  A gnoll (D:1)
  A worm (D:2)
  2 dart slugs
  7 ball pythons
  6 endoplasms
  A giant cockroach (D:1)
  6 goblins
  4 hobgoblins
  6 kobolds
  A quokka (D:2)
  3 bats
  4 frilled lizards
  2 rats (D:1)
46 creatures vanquished.

Notes
Turn   | Place    | Note
-------+----------+-------------------------------------------
     0 | D:1      | ragingrage the Kobold Brigand began the quest for the Orb.
     0 | D:1      | Reached XP level 1. HP: 12/12 MP: 1/1
    97 | D:1      | Found Ruatache's Antique Weapon Boutique.
   100 | D:1      | You fall into a shaft and drop 1 floor!
   185 | D:1      | Reached XP level 2. HP: 13/17 MP: 2/2
   632 | D:1      | Reached XP level 3. HP: 21/21 MP: 3/3
  1091 | D:2      | Noticed Robin
  1224 | D:2      | Reached XP level 4. HP: 26/26 MP: 4/4
  1278 | D:2      | Killed Robin
  1350 | D:2      | Slain by an orc

Illustrated notes

Levels and vault maps discovered:
D:1:      elethiomel_arrival_infinity_welcomes_careful_drivers, layout_basic,
          serial_shops, nicolae_shop_hallway_stairs, minmay_tall_x
D:2:      layout_rooms, kennysheep_generic_room_12, uniq_robin
D:3:      layout_rooms, nicolae_uskayaw_murder_on_the_dancefloor,
          hellmonk_ecumenical_altar_run_dry, minmay_misc_feat_secret_circle,
          minmay_stone_trees_medium

Skill      XL: |  1  2  3 |
---------------+----------+-----
Short Blades   | 3 4 |  4.4
Throwing       | 3 |  3.6
Fighting       | |  2.1
Dodging        | |  1.2
Stealth        | |  5.8

Action                   |  1- 3 |  4- 6 || total
-------------------------+-------+-------++-------
Melee: Dagger            |    56 |    31 ||    87
Throw: Dart              |     4 |     1 ||     5
 Stab: Sleeping          |    14 |     4 ||    18
       Distracted        |     1 |       ||     1
Armor: Robe              |     7 |     4 ||    11
Dodge: Dodged            |    30 |    11 ||    41

Table legend: (Time is in decaauts)
 A = Elapsed time spent in this place.
 B = Non-inter-level travel time spent in this place.
 C = Inter-level travel time spent in this place.
 D = Time resting spent in this place.
 E = Time spent auto-exploring this place.
 F = Levels seen in this place.
 G = Mean time per level.
                   A        B        C        D        E       F      G
               +--------+--------+--------+--------+--------+-----+--------+
         Total |   1333 |   1282 |     51 |    187 |    803 |   3 |  444.3 |
       Dungeon |   1333 |   1282 |     51 |    187 |    803 |   3 |  444.3 |
               +--------+--------+--------+--------+--------+-----+--------+

Top non-repeatable levels by time:
     D:1: 1080 daAuts
     D:2: 209 daAuts
     D:3: 43 daAuts
